Cogmind - Beta 14 @@@ ROGUE MODE // 2024.12.21 @ 21:48:38 Player: Kulivox Result: Self-destructed Performance ------------- Evolutions (1) 500 Regions Visited (2) 400 Robots Destroyed (27) 135 Value Destroyed (700) 700 Prototype IDs (1) 20 Alien Tech Used (0) 0 Bonus (17) 17 TOTAL SCORE: 1772 Bonus ------- High Alert Combat Kills 17 Cogmind --------- Core Integrity 130/400 Matter 265/300 Energy 223/250 System Corruption 0% Temperature Cool (0) Movement Walking (190) Ox1 Location -9/Materials Parts ------- > --- POWER (1) -------- Ion Engine > --- PROPULSION (3) --- Aluminum Leg Aluminum Leg > --- UTILITY (3) ------ Heat Sink Small Storage Unit Large Storage Unit > --- WEAPON (2) ------- Improved EM Shotgun > --- INVENTORY (15) --- Ion Engine Light Ion Engine Assault Rifle Light Assault Rifle Hammer Peak State ------------ > --- POWER ------------ Ion Engine > --- PROPULSION ------- Aluminum Leg Aluminum Leg Aluminum Leg > --- UTILITY ---------- Improved Heat Sink Small Storage Unit Large Storage Unit > --- WEAPON ----------- Particle Gun Assault Rifle > --- INVENTORY -------- Light Ion Engine Aluminum Leg EM Pulse Gun Assault Rifle Grenade Launcher [Rating: 12] Favorites ----------- Power Ion Engine Engine Ion Engine Propulsion Aluminum Leg Leg Aluminum Leg Utility Small Storage Unit Device Improved Heat Sink Storage Small Storage Unit Weapon Assault Rifle Energy Gun EM Pulse Gun Ballistic Gun Assault Rifle Launcher Grenade Launcher Impact Weapon Hammer Build | -11 -10 -9 ------- Run | Yrd Mat Mat Slots Evolved 2 | . . 2 Power . | . . . Propulsion 1 | . . 1 Utility 1 | . . 1 Weapon . | . . . Parts Attached 28 | 6 2 20 Power 3 | 1 . 2 Engine 3 | 1 . 2 Core . | . . . Reactor . | . . . Propulsion 8 | 2 . 6 Treads . | . . . Leg 8 | 2 . 6 Wheel . | . . . Hover . | . . . Flight . | . . . Utility 4 | 1 1 2 Device 2 | . . 2 Storage 2 | 1 1 . Processor . | . . . Hackware . | . . . Protection . | . . . Artifact . | . . . Weapon 13 | 2 1 10 Energy Gun 5 | . 1 4 Energy Cannon . | . . . Ballistic Gun 6 | 2 . 4 Ballistic Cannon . | . . . Launcher 1 | . . 1 Special Weapon . | . . . Impact Weapon 1 | . . 1 Slashing Weapon . | . . . Piercing Weapon . | . . . Special Melee Weapon . | . . . Unidentified Prototypes 1 | . . 1 Parts Lost 10 | . . 10 Power 1 | . . 1 Propulsion 4 | . . 4 Utility 1 | . . 1 Weapon 4 | . . 4 Highest Loss Streak 6 | . . 6 To Critical Strikes . | . . . Average Slot Usage (%) 92 | . 98 90 Engine 11 | . 14 10 Leg 28 | . 28 29 Device 5 | . . 8 Storage 23 | . 26 22 Energy Gun 6 | . 3 7 Ballistic Gun 11 | . 24 4 Launcher 1 | . . 2 Impact Weapon 3 | . . 4 Peak Build Rating 12 | 6 8 12 Average Rating 8 | 3 7 10 On Entrance 4 | . 6 8 Naked Turns . | . . . Heaviest Build 36 | 14 35 36 Greatest Support 30 | 20 20 30 Greatest Overweight (x) 11 | . 1 11 Average Overweight (x) . | . . 1 Largest Inventory Capacity 15 | 8 15 15 Average Capacity 14 | 7 14 15 Most Carried 9 | 5 5 9 Average Carried 5 | 1 1 7 Final Capacity 15 | 8 15 15 Final Carried 5 | 1 5 5 Class Distribution -------------------- 68% | Mutant 31% | Scavenger-Mutant Dominant Class ---------------- Mutant | -10/Materials Mutant | -9/Materials Resources | -11 -10 -9 ----------- Run | Yrd Mat Mat Matter Collected 591 | 58 82 451 Remotely . | . . . Salvage Created 782 | . 82 700 Parts 40 | . 4 36 Haulers Intercepted 2 | . . 2 Recyclers Shooed 2 | . 2 . Parts Field Recycled . | . . . Retrieved Matter . | . . . Parts Self-Destructed . | . . . Prevented . | . . . Kills | -11 -10 -9 ------- Run | Yrd Mat Mat Combat Hostiles Destroyed 18 | . 2 16 Melee 1 | . . 1 Guns 8 | . 2 6 AOE 9 | . . 9 Classes Destroyed 8 | . 1 7 Worker 2 | . . 2 Tunneler 2 | . . 2 Hauler 2 | . . 2 Watcher 3 | . . 3 Swarmer 3 | . . 3 Grunt 11 | . 2 9 Brawler 2 | . . 2 Sentry 2 | . . 2 Best Kill Streak 8 | . 1 8 Combat Bots Only 6 | . 1 6 Max Kills in Single Turn 2 | . 1 2 Gunslinging . | . . . Exploded 2 | . . 2 Melee 1 | . . 1 Uniques/NPCs Destroyed . | . . . Combat | -11 -10 -9 -------- Run | Yrd Mat Mat Hostile Shots Fired 169 | . 20 149 Missed 45 | . 2 43 Damage Taken 1544 | . 202 1342 Core 280 | . 10 270 Absorbed by Shields . | . . . Core Remaining (%) 98 | 100 96 . Volleys Fired 64 | . 11 53 Largest 2 | . 2 2 Hottest 105 | . 40 105 Shots Fired 94 | . 22 72 Gun 86 | . 22 64 Cannon . | . . . Launcher 8 | . . 8 Special . | . . . Kinetic 43 | . 22 21 Thermal 11 | . . 11 Explosive 8 | . . 8 Electromagnetic 32 | . . 32 Robot Hit Streak 10 | . 3 10 Robot Miss Streak 4 | . 2 4 Penetration Max . | . . . Secondary Targets . | . . . Shots Hit Robots 59 | . 12 47 Core Hits 44 | . 6 38 Critical Kills . | . . . Critical Parts Destroyed 3 | . . 3 Critical Strikes 4 | . . 4 Burn 1 | . . 1 Smash 3 | . . 3 Melee Attacks 13 | . . 13 Impact 13 | . . 13 Slashing . | . . . Piercing . | . . . Sneak Attacks 4 | . . 4 Combat Hostiles . | . . . Follow-up Attacks . | . . . Damage Inflicted 2041 | . 173 1868 Guns 770 | . 154 616 Cannons . | . . . Explosions 865 | . . 865 Melee 375 | . . 375 Ramming 31 | . 19 12 Kinetic 349 | . 154 195 Thermal 298 | . . 298 Explosive 668 | . . 668 Electromagnetic 320 | . . 320 Impact 375 | . . 375 Slashing . | . . . Piercing . | . . . Highest Corruption . | . . . Average Corruption . | . . . Corruption Purged . | . . . Corruption Blocked . | . . . Overload Shots . | . . . Overflow Damage 258 | . . 258 Projectiles . | . . . Explosions 20 | . . 20 Melee 238 | . . 238 Knockbacks . | . . . Impact . | . . . Kinetic . | . . . Secondary . | . . . Self-Inflicted Damage 46 | . . 46 Shots 3 | . . 3 Rammed . | . . . Targets Rammed 8 | . 6 2 Kicked 8 | . 6 2 Crushed . | . . . Highest Temperature 213 | . 21 213 Average Temperature 68 | . 15 75 Received Heat Transfer 708 | . 132 576 Siege Activations . | . . . Robots Corrupted 3 | . . 3 Combat Hostiles . | . . . Parts Fried 4 | . . 4 Impact Corruptions 7 | . . 7 Robots Melted . | . . . Combat Hostiles . | . . . Parts Melted 1 | . . 1 Heat Transferred 683 | . . 683 Parts Sabotaged . | . . . Parts Stolen . | . . . Parts Stripped . | . . . Power Chain Reactions 4 | . . 4 Alert | -11 -10 -9 ------- Run | Yrd Mat Mat Peak Influence 469 | . 50 469 Initial 20 | . . 20 Average 189 | . 20 284 Maximum Alert Level 2 | . . 2 Low Security (%) 55 | 100 100 31 Level 1 22 | . . 34 Level 2 21 | . . 33 Level 3 . | . . . Level 4 . | . . . Level 5 . | . . . High Security . | . . . Max Security . | . . . Squads Dispatched 1 | . . 1 Investigation . | . . . Extermination . | . . . Reinforcement 1 | . . 1 Assault . | . . . Garrison . | . . . Intercept . | . . . Searches Triggered . | . . . Construction Impeded . | . . . Haulers Reinforced . | . . . Active Scanning Responses . | . . . Cargo Convoy Interrupts . | . . . Stealth | -11 -10 -9 --------- Run | Yrd Mat Mat Distress Signals 3 | . . 3 Communications Jammed . | . . . Distress Signals . | . . . Times Spotted 29 | . 3 26 Peak Tracking Total 8 | . 3 8 Tactical Retreats 2 | . . 2 Traps | -11 -10 -9 ------- Run | Yrd Mat Mat Traps Triggered . | . . . Indirectly . | . . . Trap Hack Attempts . | . . . Triggered . | . . . Disarmed . | . . . Reprogrammed . | . . . Reused . | . . . Traps Extracted . | . . . Installed . | . . . Triggered . | . . . Machines | -11 -10 -9 ---------- Run | Yrd Mat Mat Machines Disabled 4 | . . 4 Max in Single Turn 1 | . . 1 Machines Repaired . | . . . Machines Dismantled . | . . . Machines Sabotaged . | . . . Overloaded Fab Kills . | . . . Hacking | -11 -10 -9 --------- Run | Yrd Mat Mat Machines Accessed 2 | . 1 1 Terminals 1 | . . 1 Fabricators . | . . . Repair Stations . | . . . Recycling Units 1 | . 1 . Scanalyzers . | . . . Garrison Access . | . . . Total Hacks 6 | . 2 4 Successful 3 | . 1 2 Failed 3 | . 1 2 Catastrophic . | . . . Database Lockouts . | . . . Manual . | . . . Terminals 4 | . . 4 Fabricators . | . . . Repair Stations . | . . . Recycling Units 2 | . 2 . Scanalyzers . | . . . Garrison Access . | . . . Terminal Hacks 2 | . . 2 Record 1 | . . 1 Zone Layout 1 | . . 1 Fabricator Hacks . | . . . Repair Station Hacks . | . . . Recycling Unit Hacks 1 | . 1 . Report Inventory 1 | . 1 . Scanalyzer . | . . . Garrison Access Hacks . | . . . Unauthorized Hacks . | . . . Terminals . | . . . Fabricators . | . . . Repair Stations . | . . . Recycling Units . | . . . Scanalyzers . | . . . Garrison Access . | . . . Data Cores Recovered . | . . . Used . | . . . Hacking Detections 2 | . 1 1 Full Trace Events . | . . . Feedback Events . | . . . Feedback Blocked . | . . . Robot Schematics Acquired . | . . . Robots Built . | . . . Authchips . | . . . Time . | . . . Total Robot Build Rating . | . . . Part Schematics Acquired . | . . . Parts Built . | . . . Authchips . | . . . Time . | . . . Total Part Build Rating . | . . . Parts Repaired . | . . . Time . | . . . Parts Recycled . | . . . Recycled Matter . | . . . Retrieved Matter . | . . . Retrieved Components . | . . . Parts Scanalyzed . | . . . Part Schematics Acquired . | . . . Parts Damaged . | . . . Bothacking | -11 -10 -9 ------------ Run | Yrd Mat Mat Used RIF Installer . | . . . Robots Hacked . | . . . Non-combat . | . . . Combat . | . . . Robot Hacks Applied . | . . . Relay Couplers Released . | . . . Fabnet Peak Effective % . | . . . Robots Rewired . | . . . Allies Hacked . | . . . Hacks Repelled . | . . . Allies | -11 -10 -9 -------- Run | Yrd Mat Mat Total Allies . | . . . Largest Group . | . . . Highest-Rated Group . | . . . Highest-Rated Ally . | . . . Total Orders . | . . . Ally Attacks . | . . . Total Damage . | . . . Kills . | . . . Allies Corrupted . | . . . Allies Melted . | . . . Intel | -11 -10 -9 ------- Run | Yrd Mat Mat Robot Analysis Total . | . . . Derelict Logs Recovered . | . . . Drone Launches . | . . . Drone Recoveries . | . . . Exploration | -11 -10 -9 ------------- Run | Yrd Mat Mat Turns Passed 825 | 44 248 533 Spaces Moved 310 | 34 109 167 Core 17 | 13 . 4 Treads . | . . . Legs 293 | 21 109 163 Wheels . | . . . Hover . | . . . Flight . | . . . Fastest Speed 50 | 50 120 190 Average Speed 181 | 93 181 199 Slowest Speed 600 | 120 190 600 Overloaded Moves . | . . . Propulsion Burnouts . | . . . Robots Hopped . | . . . Cave-ins Triggered . | . . . Exploration Rate (%) 12 | 3 17 18 Regions Visited 2 Branch Regions . Pre-discovered Areas . | . . . Known Exits Taken . | . . . Unknown Exits Taken 2 | 1 1 . Scrap Searched . | . . . Spaces Dug . | . . . Terrain Destroyed 44 | . . 44 Melee . | . . . Projectile . | . . . AOE 44 | . . 44 Terrain Rammed . | . . . Walls Destroyed . | . . . Machines Disabled . | . . . Actions | -11 -10 -9 --------- Run | Yrd Mat Mat Total 442 | 45 132 265 Wait . | . . . Move 308 | 33 108 167 Hop . | . . . Pick Up 21 | 6 5 10 Fast Attach 1 | 1 . . Attach 16 | 5 1 10 Detach . | . . . Swap 11 | . 1 10 Drop . | . . . Fire 64 | . 11 53 Melee 13 | . . 13 Ram . | . . . Kick 8 | . 6 2 Crush . | . . . Escape Stasis . | . . . Rewire . | . . . Trap . | . . . Miscellaneous . | . . . Route ------- -11/Scrapyard -10/Materials -9/Materials (discovered 1 exit: [*Mat]) History --------- Turn | Location | Event 21 | -11/Scrapyard | Discovered new exit (range 13) 45 | -11/Scrapyard | Entered Materials 249 | -10/Materials | Discovered new exit (range 16) 293 | -10/Materials | Entered another Materials area 293 | -9/Materials | Evolved 2 slots: Propulsion x1, Utility x1 314 | -9/Materials | Build established: Mutant 704 | -9/Materials | Discovered new exit (range 6) 781 | -9/Materials | Core integrity fell below 50% 826 | -9/Materials | Self-destructed Last Messages --------------- R-06 Scavenger collects Hover Unit. R-06 Scavenger destroyed. A-02 Transporter destroyed. K-01 Serf collects debris. Y-45 Defender destroyed. K-01 Serf collects debris. Chain reaction triggered in Imp. Ion Engine. K-01 Serf collects debris. Aluminum Leg destroyed. Critical hit (Burn: +37). K-01 Serf collects debris. R-06 Scavenger collects Sml. Storage Unit. Imp. Heat Sink destroyed. K-01 Serf collects debris. U-05 Engineer builds a Wall. U-05 Engineer builds a Door. U-05 Engineer builds a Wall. Critical hit (Burn: +37). Heat Sink fried. Y-45 Defender destroyed. Map ----- +----------------------------------------------------+ | | | | | | | | | | | | | | | | | | | | | ####?????????????????????????????????????????????? | | #?????????????????????????????????????????????? | | #?????????????????????????????????????????????? | | """#?????????????????????????????????????????????? | | """#????#######??????????????????????????????????? | | """#????? #?????????????????????????????????? | | """#????? #?????????????????????????????????? | | """#?????? """???????#####??????????????????????? | | #?????? R"???????# #??????????????????????? | | #??????? ""????????# < ##########??+##????????? | | # ##??????? ????????# # [ T # ##???????? | | ##########+########## =#=%=[%* " ???????? | | =!# !!![=! " ??????? | | !%+%!%! =* " #????????? | | % [u#!!!!=*[ "#????????????? | | #################+### @# ["% ! "#????????????? | | ##????????????# # # """ ##????????????? | | ##?????????????# # # """ #?????????????? | | ???????????????# # # / ????????????? | | ######?????????# # ###########+???????????? | | #?????????# # #??????????????????????? | | """ #?????????# # #??????????????????????? | | """????????????######## ###??????????????????????? | | """???????????????????# ?????????????????????????? | | """"??????????????????#r?????????????????????????? | | """ #????????????????# ?????????????????????????? | | #????????????????# ?????????????????????????? | | ! #????????????????# ?????????????????????????? | | ######????????????????# ?????????????????????????? | | ?????????????????????????????????????????????????? | | """??????????????????????????????????????????? | | """??????????????????????????????????????????? | | """??????????????????????????????????????????? | | ??????????????????????????????????????????? | | ??????????????????????????????????????????? | | #######??????????????????????????????????????????? | | ????# ??????????????????????????????????????????? | | ????# ??????????????????????????????????????????? | | ????# ??????????????????????????????????????????? | | ????# ??????????????????????????????????????????? | +----------------------------------------------------+ Best States ------------- Heat Dissipation 42 Energy Generation 10 Energy Capacity 250 Matter Stores 300 Matter Capacity 300 Sight Range 16 Terrain Scan Density 10 Evasion (%) 55 Item Schematics ----------------- None Robot Schematics ------------------ None Fabricated ------------ Nothing Alien Tech Used ----------------- None Achievements -------------- None Challenges ------------ None Game ------ Seed AdvancedPotentialSteel Manual? 0 Play Time 00:14:58 Cumulative 4.2 hours Start 2024.12.21 @ 21:21:59 End 2024.12.21 @ 21:48:38 Sessions 3 Manual Loads 0 Difficulty Rogue Special Mode None Game No. 8 Rogue 5 Adventurer 3 Explorer 0 Win Type - Total 0 Types 0/0/0/0/0/0/0/0/0 Lore% 1 Gallery% 11 Achievement% 10 Wizard Run 0 Options --------- Layout 1 ASCII 0 Keyboard 0 Movement Arrows Keybinds 0 Fullscreen 1 Font 24/Terminus Map View 50x40 Zoom Use 0% Tactical HUD 0 Map Filters NONE Filters NONE Steam 1 RUN: 491a1d04-1342-4862-ba54-1168d506531a